Match 43722678
Unlisted

Match 43722678
End
Vickers Machine Gun Team
Selects Australian Defense Battlegroup
Selects Australian Light Infantry Section
Australian Light Infantry Section
Australian Light Infantry Section
Construct Section Command Post
Infantry Section
Construct Platoon Command Post
Humber Armored Car
Humber Armored Car
aSIISpanky
aSIIDemolitionHammer
hooveric
CPU-NOOB
0
0

Comments sign in to comment!

No comments posted yet!